 Dungeon Crawl Stone Soup version 0.29-a0-1023-g6ae1a4a2c7 (webtiles) character file.

Game seed: 9952570904403816086

133 soberaf the Caller (level 5, -10/31 HPs)
             Began as an Octopode Summoner on Aug 11, 2022.
             Was an Initiate of Yredelemnul.
             Killed from afar by an orc wizard (11 damage)
             ... with a magic dart
             ... on level 3 of the Dungeon.
             The game lasted 00:10:56 (2390 turns).

soberaf the Caller (Octopode Summoner)              Turns: 2390, Time: 00:10:56

Health: -10/31     AC:  1    Str:  8    XL:     5   Next: 16%
Magic:  2/8        EV: 13    Int: 17    God:    Yredelemnul [......]
Gold:   97         SH:  0    Dex: 14    Spells: 0/8 levels left

rFire   . . .      SeeInvis .   a - +1 sling (flame)
rCold   . . .      Faith    .   (no shield)
rNeg    . . .      Spirit   .   (helmet restricted)
rPois   .          Reflect  .   (no amulet)
rElec   .          Harm     .   (no ring)
rCorr   .          Rampage  .   (no ring)
Will    .....                   (no ring)
Stlth   +++.......              (no ring)
HPRegen 0.10/turn               (no ring)
MPRegen 0.11/turn               (no ring)
                                (no ring)
                                (no ring)

@: lethally poisoned (-10 -> -28), flying, very slightly contaminated
A: almost no armour, amphibious, 8 rings, camouflage 1, gelatinous body 1,
(nimble swimmer 1), tentacles
a: Renounce Religion, Recall Undead Harvest


You were on level 3 of the Dungeon.
You worshipped Yredelemnul.
Yredelemnul was noncommittal.
You visited 1 branch of the dungeon, and saw 3 of its levels.

You collected 97 gold pieces.

Inventory:

Hand Weapons
 a - a +1 sling of flaming (weapon)
 m - a +2 dagger of speed
Missiles
 k - a throwing net
Scrolls
 d - a scroll of enchant weapon {unknown}
 e - a scroll of vulnerability
 g - a scroll of blinking {unknown}
 h - a scroll of butterflies
 i - a scroll of magic mapping {unknown}
 l - a scroll of poison {unknown}
Potions
 b - a potion of invisibility
 c - a potion of berserk rage
 j - a potion of magic


   Skills:
 + Level 3.6 Ranged Weapons
 - Level 2.0 Dodging
 - Level 2.6 Stealth
 - Level 2.0 Spellcasting
 - Level 4.9 Summonings


You couldn't memorise any spells.
You knew the following spells:

 Your Spells              Type           Power      Damage    Failure   Level
a - Summon Small Mammal   Summ           72%        N/A       2%          1
b - Call Imp              Summ           18%        N/A       3%          2
c - Call Canine Familiar  Summ           18%        N/A       8%          3
d - Blink                 Tloc           2%         N/A       28%         2

Your spell library contained the following spells:

 Spells                   Type           Power      Damage    Failure   Level
 Magic Dart               Conj           4%         1d3       19%         1
 Summon Guardian Golem    Hex/Summ       10%        N/A       22%         3
 Searing Ray              Conj           2%         2d4       28%         2
 Lesser Beckoning         Tloc           1%         N/A       50%         3
 Summon Lightning Spire   Summ/Air       10%        N/A       56%         4
 Fulminant Prism          Conj/Hex       0%         3d6       88%         4
 Iskenderun's Battlesphe  Conj           1%         2d6       99%         5
 Manifold Assault         Tloc           1%         N/A       99%         5
 Iron Shot                Conj/Erth      0%         9d1       100%        6
 Spellforged Servitor     Conj/Summ      5%         N/A       100%        7


Dungeon Overview and Level Annotations

Branches:
Dungeon (3/15)

Altars:
Yredelemnul

Annotations:
D:1 1 transporter


Innate Abilities, Weirdness & Mutations

You cannot wear most types of armour.
You are amphibious.
You can wear up to eight rings at the same time.
Your skin changes colour to match your surroundings (Stealth+).
Your rubbery body absorbs attacks. (AC +1, EV +1)
((You are camouflaged when in or above water. (Stealth+)))
You have tentacles for arms and can constrict up to eight enemies at once.


Message History

The sling bullet burns the orc wizard.
The orc wizard is moderately wounded.
An orc comes into view. It is wielding a +0 short sword.
The orc wizard barely misses you.
You shoot a sling bullet. The sling bullet hits the orc wizard.
The sling bullet burns the orc wizard.
The orc wizard is moderately wounded.
The orc wizard hits you with a +1 dagger of venom.
You are poisoned.
The orc wizard hits your kobold zombie with a +0 dagger.
Your kobold zombie is destroyed!
Casting: Call Imp (safe; 3% risk of failure)
Confirm with . or Enter, or press ? or * to list all spells.
The spell is quite dangerous to miscast (8% risk of failure)!
Continue anyway?
You miscast Call Canine Familiar.
You are very lightly contaminated with residual magic.
Nothing appears to happen.
You feel very sick.
The orc wizard hits you with a +1 dagger of venom.
You are lethally poisoned!
Casting: Call Canine Familiar (quite dangerous; 8% risk of failure)
Confirm with . or Enter, or press ? or * to list all spells.
The spell is quite dangerous to miscast (8% risk of failure)!
Continue anyway?
You feel very sick.
The orc wizard hits you with a +1 dagger of venom.
* * * LOW HITPOINT WARNING * * *
You are more poisoned.
* * * LOW HITPOINT WARNING * * *
You feel very sick.
Your hound bites the orc wizard but does no damage.
It was a potion of flight.
You feel very buoyant.
You fly up into the air.
* * * LOW HITPOINT WARNING * * *
You feel very sick.
Your hound closely misses the orc wizard.
The orc wizard gestures at you while chanting.
The magic dart hits you!
You die...
Your body rises from the dead as a mindless zombie.

#....# #....#
#....# #....#
#....# ##.
##...#####..)..
#.....ho.oo....
#.....@#######.
#<....##
##...## #####


You could see 2 orc wizards, an orc and a friendly hound (summoned).

Vanquished Creatures
  Robin (D:2)
  2 gnolls (D:2)
  A dart slug (D:2)
  A ball python (D:2)
  A giant cockroach (D:2)
  4 goblins
  4 hobgoblins (D:2)
  3 jackals (D:2)
  4 kobolds
  3 quokkas
  2 bats (D:2)
  2 frilled lizards (D:2)
  A rat (D:1)
29 creatures vanquished.

Vanquished Creatures (collateral kills)
  Jessica (D:2)
  A gnoll (D:2)
  A worm (D:2)
  2 dart slugs (D:1)
  A ball python (D:1)
  An endoplasm (D:1)
  A giant cockroach (D:1)
  8 goblins (D:2)
  A hobgoblin (D:1)
  2 bats
  2 frilled lizards (D:1)
  2 kobolds (D:1)
  3 rats (D:1)
26 creatures vanquished.

Vanquished Creatures (others)
  A bat zombie (D:2)
  3 goblin zombies (D:2)
  A hobgoblin zombie (D:2)
  A kobold zombie (D:3)
  A quokka zombie (D:2)
7 creatures vanquished.

Grand Total: 62 creatures vanquished

Notes
Turn   | Place    | Note
-------+----------+-------------------------------------------
     0 | D:1      | soberaf the Octopode Summoner began the quest for the Orb.
     0 | D:1      | Reached XP level 1. HP: 11/11 MP: 3/3
   125 | D:1      | Reached XP level 2. HP: 15/17 MP: 1/5
   128 | D:1      | Learned a level 2 spell: Call Imp
   576 | D:1      | Reached XP level 3. HP: 21/21 MP: 6/6
   587 | D:1      | Learned a level 3 spell: Call Canine Familiar
   829 | D:2      | Reached skill level 1 in Ranged Weapons
   860 | D:2      | HP: 1/21 [gnoll/+0 spear (2)]
   863 | D:2      | Reached XP level 4. HP: 1/27 MP: 3/7
  1577 | D:2      | Noticed Jessica
  1696 | D:2      | Found a basalt altar of Yredelemnul.
  1734 | D:2      | Became a worshipper of Yredelemnul the Dark
  1776 | D:2      | Noticed Robin
  1791 | D:2      | Killed Robin
  1889 | D:2      | Reached * piety under Yredelemnul
  2000 | D:2      | Your ally Robin died
  2008 | D:2      | Killed Jessica
  2009 | D:2      | Reached XP level 5. HP: 16/31 MP: 2/8
  2153 | D:2      | Learned a level 2 spell: Blink
  2390 | D:3      | HP: 1/31 [poisoned by an orc wizard]
  2390 | D:3      | Killed from afar by an orc wizard

Illustrated notes

Levels and vault maps discovered:
D:1:      spicycebolla_arrival_risky_transporter, layout_rooms,
          chequers_decorated_corner, minmay_misc_feat_diagonals
D:2:      layout_loops_corners, basic_altar, uniq_jessica, uniq_robin
D:3:      layout_loops_ring, mainiacjoe_overflow_alcove_4,
          serial_co_window_serial, co_window_paths_b, co_window_corner_a,
          co_window_paths_a, co_window_of_opportunity_a, co_window_paths_b,
          co_window_paths_b, co_window_paths_a, co_window_corner_a,
          co_window_paths_a, co_window_broadway_c, co_window_of_opportunity_b,
          co_window_corner_b, co_window_unsneaky_path_c, co_window_cross_4,
          co_window_4corner_a, glass_columns_b, gup_sewer_entry_bowl

Skill      XL: |  1  2  3  4 |
---------------+-------------+-----
Ranged Weapons | 2 3 |  3.6
Dodging        | |  2.0
Stealth        | |  2.6
Spellcasting   | |  2.0
Summonings     | |  4.9

Action                   |  1- 3 |  4- 6 || total
-------------------------+-------+-------++-------
Melee: Club              |     5 |       ||     5
       Dagger            |     4 |       ||     4
       Constrict         |     2 |       ||     2
       Tentacles         |     1 |       ||     1
 Fire: Sling             |    26 |    59 ||    85
 Cast: Summon Small Mamm |    24 |     1 ||    25
       Call Imp          |     2 |     4 ||     6
       Call Canine Famil |       |     3 ||     3
  Use: Scroll            |       |     4 ||     4
       Potion            |       |     1 ||     1
Armor: Skin              |       |     3 ||     3
Dodge: Dodged            |    12 |    29 ||    41

Table legend: (Time is in decaauts)
 A = Elapsed time spent in this place.
 B = Non-inter-level travel time spent in this place.
 C = Inter-level travel time spent in this place.
 D = Time resting spent in this place.
 E = Time spent auto-exploring this place.
 F = Levels seen in this place.
 G = Mean time per level.
                   A        B        C        D        E       F      G
               +--------+--------+--------+--------+--------+-----+--------+
         Total |   2420 |   2345 |     75 |    527 |   1251 |   3 |  806.7 |
       Dungeon |   2420 |   2345 |     75 |    527 |   1251 |   3 |  806.7 |
               +--------+--------+--------+--------+--------+-----+--------+

Top non-repeatable levels by time:
     D:2: 1724 daAuts
     D:1: 677 daAuts
     D:3: 18 daAuts
